 Dungeon Crawl Stone Soup version 0.30-a0-824-g6c64550be9 (webtiles) character file.

Game seed: 3156540840022174726

371 Zonian the Insei (level 6, -1/48 HPs)
             Began as a Vine Stalker Transmuter on Feb 28, 2023.
             Slain by a gnoll
             ... wielding a +0 halberd
              (3 damage)
             ... on level 2 of the Dungeon.
             The game lasted 00:05:51 (2765 turns).

Zonian the Insei (Vine Stalker Transmuter)          Turns: 2765, Time: 00:05:51

Health: -1/48      AC:  2    Str: 14    XL:     6   Next: 71%
Magic:  0/12       EV: 12    Int: 13    God:
Gold:   33         SH:  0    Dex: 15    Spells: 11/12 levels left

rFire   + . .      SeeInvis .      - Unarmed
rCold   + . .      Faith    .    (no shield)
rNeg    . . .      Spirit   +    a - +0 robe
rPois   +          Reflect  .    (no helmet)
rElec   +          Harm     .    (no cloak)
rCorr   +          Rampage  .    (no gloves)
Will    .....                    (no boots) Stlth
                                 (no amulet)
HPRegen 1.08/turn                (no ring)
MPRegen 0.13/turn                (no ring)

@: berserking, resistant, hasted, very quick
A: fangs 2, regeneration 1, magic shield, antimagic bite, no potion heal 2
a: no special abilities


You were on level 2 of the Dungeon.
You visited 1 branch of the dungeon, and saw 2 of its levels.

You collected 33 gold pieces.

Inventory:

Hand Weapons
 j - a +1 short sword of speed
Missiles
 g - 6 boomerangs
 h - 5 poisoned darts
Armour
 a - a +0 robe (worn)
Scrolls
 c - 5 scrolls of identify {unknown}
 d - a scroll of vulnerability {unknown}
Potions
 e - a potion of ambrosia


   Skills:
 + Level 2.6 Fighting
 - Level 2.3 Dodging
 + Level 2.2 Stealth
 + Level 4.2 Unarmed Combat
 + Level 3.6 Spellcasting
 + Level 3.4 Transmutations


You had 11 spell levels left.
You knew the following spells:

 Your Spells              Type           Power      Damage    Failure   Level
a - Beastly Appendage     Tmut           22%        N/A       5%          1

Your spell library contained the following spells:

 Spells                   Type           Power      Damage    Failure   Level
 Wereblood                Tmut           11%        N/A       8%          2
 Spider Form              Tmut/Pois      6%         N/A       32%         3
 Ice Form                 Ice/Tmut       6%         N/A       71%         4


Dungeon Overview and Level Annotations

Branches:
Dungeon (2/15)

Altars:


Innate Abilities, Weirdness & Mutations

You have extremely sharp teeth.
Your natural rate of healing is unusually fast.
When hurt, damage is shared between your health and your magic reserves.
Your bite disrupts and absorbs the magic of your enemies.
Potions cannot restore your health.


Message History

The gnoll closely misses you. The gnoll barely misses you.
The gnoll closely misses you.
Okay, then.
You are too confused!
Unknown command.
It was a potion of haste.
You feel yourself speed up. The gnoll hits you with a +0 flail.
* * * LOW HITPOINT WARNING * * *
The gnoll barely misses you.
The gnoll hits you from afar with a +0 halberd!
* * * LOW HITPOINT WARNING * * *
You bump into the rock wall.
Okay, then.
You are too confused!
Unknown command.
It was a potion of heal wounds.
That seemed strangely inert.
The gnoll closely misses you. x3
It was a potion of berserk rage.
A red film seems to cover your vision as you go berserk!
You feel yourself moving faster!
You feel mighty! The gnoll closely misses you. x2
The gnoll misses you.
You hit the gnoll. Your kick misses the gnoll.
The gnoll is heavily wounded.
You feel less invigorated.
You feel less confused.
You punch the gnoll!
You kill the gnoll!
The gnoll closely misses you.
The gnoll hits you from afar with a +0 spear.
* * * LOW HITPOINT WARNING * * *
You barely miss the gnoll. You bite the gnoll. You drain its power.
You feel invigorated.
The gnoll is moderately wounded.
Your horns disappear.
Your talons disappear.
You punch the gnoll!
The gnoll is almost dead.
The gnoll hits you from afar with a +0 spear!
* * * LOW HITPOINT WARNING * * *
The gnoll hits you from afar with a +0 halberd!
You die...

#.###....#####.### #.....####
##.## ###..### #...#
###....######.#.# #
#####...##...^#...#.# #
#.....####......###.# ## ####
#.##### #......###.# #.
...######.# ######...##.....##..[
...##.....###...@gg..######.##...
...##.####....####g..# ##.....#
...#..###..#### #...# #...<..#
..........## #...#####..#..#.
.....###### ##.......g....#.
..†### #...#........#.#. >..#
#.###.######.#... ...# ... #.#
###...<. ...# .... #.####.......


You could see 3 gnolls.

Vanquished Creatures
  Sigmund (D:2)
  Jessica (D:2)
  Natasha (thrice) (D:2)
  3 gnolls (D:2)
  4 adders (D:2)
  2 worms (D:2)
  A dart slug (D:2)
  An endoplasm (D:1)
  4 goblins
  8 hobgoblins
  4 kobolds
  4 quokkas
  3 ball pythons
  4 bats
  A frilled lizard (D:2)
  3 rats
47 creatures vanquished.

Notes
Turn   | Place    | Note
-------+----------+-------------------------------------------
     0 | D:1      | Zonian the Vine Stalker Transmuter began the quest for the
                  | Orb.
     0 | D:1      | Reached XP level 1. HP: 9/9 MP: 4/4
    81 | D:1      | Reached skill level 1 in Fighting
   420 | D:1      | Reached XP level 2. HP: 12/14 MP: 6/6
  1498 | D:2      | Reached XP level 3. HP: 18/18 MP: 5/7
  1523 | D:2      | Noticed Natasha
  1534 | D:2      | Killed Natasha
  1535 | D:2      | Gained mutation: Your natural rate of healing is unusually
                  | fast. [Vine Stalker growth]
  1535 | D:2      | Reached XP level 4. HP: 10/22 MP: 4/9
  2063 | D:2      | Noticed Jessica
  2076 | D:2      | Killed Jessica
  2165 | D:2      | Noticed Natasha
  2176 | D:2      | Reached XP level 5. HP: 26/26 MP: 8/10
  2184 | D:2      | Killed Natasha
  2497 | D:2      | Noticed Sigmund
  2689 | D:2      | Noticed Natasha
  2696 | D:2      | Killed Natasha
  2712 | D:2      | Killed Sigmund
  2713 | D:2      | Reached skill level 4 in Unarmed Combat
  2713 | D:2      | Reached XP level 6. HP: 32/32 MP: 5/12
  2758 | D:2      | HP: 1/32 [gnoll/+0 halberd (4)]
  2765 | D:2      | HP: 2/48 [gnoll/+0 spear (2)]
  2765 | D:2      | Slain by a gnoll

Illustrated notes

Levels and vault maps discovered:
D:1:      dpeg_arrival_three_same_balls, layout_loops_ring,
          serial_co_window_serial, co_window_corner_a, co_window_paths_b,
          co_window_cross_1, co_window_corner_a, co_window_corner_a,
          co_window_unsneaky_path_b, co_window_unsneaky_path_d,
          co_window_2corner, co_window_2corner, co_window_paths_c,
          co_window_paths_d, glass_columns_a, glass_columns_a, glass_columns_b
D:2:      layout_rooms, hellmonk_ecumenical_altar_crossroads, uniq_natasha,
          uniq_sigmund, uniq_jessica

Skill      XL: |  1  2  3  4  5 |
---------------+----------------+-----
Fighting       | 1 2 |  2.6
Dodging        | 2 |  2.3
Spellcasting   | 3 |  3.6
Transmutations | 3 |  3.4
Stealth        | 2 |  2.2
Unarmed Combat | 4 |  4.2

Action                     |  1- 3 |  4- 6 || total
---------------------------+-------+-------++-------
  Melee: Unarmed           |    59 |    89 ||   148
         Bite              |     8 |    19 ||    27
         Kick              |    11 |    15 ||    26
         Headbutt          |     6 |    15 ||    21
         Punch             |     4 |     4 ||     8
   Cast: Beastly Appendage |    14 |    15 ||    29
    Use: Potion            |       |     6 ||     6
 Armour: Robe              |    11 |     8 ||    19
         Skin              |       |    29 ||    29
  Dodge: Dodged            |    35 |    63 ||    98

Table legend: (Time is in decaauts)
 A = Elapsed time spent in this place.
 B = Non-inter-level travel time spent in this place.
 C = Inter-level travel time spent in this place.
 D = Time resting spent in this place.
 E = Time spent auto-exploring this place.
 F = Levels seen in this place.
 G = Mean time per level.
                   A        B        C        D        E       F      G
               +--------+--------+--------+--------+--------+-----+--------+
         Total |   2755 |   2688 |     67 |    888 |   1301 |   2 | 1377.5 |
       Dungeon |   2755 |   2688 |     67 |    888 |   1301 |   2 | 1377.5 |
               +--------+--------+--------+--------+--------+-----+--------+

Top non-repeatable levels by time:
     D:1: 1707 daAuts
     D:2: 1047 daAuts
